 Dungeon Crawl Stone Soup version 0.23-a0-642-g3120c2f5a9 (webtiles) character file.

13364 Adamkad1 the Fighter (level 12, -1/79 HPs)
             Began as a Gargoyle Abyssal Knight on Dec 31, 2018.
             Was a Priest of Lugonu.
             Killed from afar by a necromancer (27 damage)
             ... with a bolt of cold
             ... on level 12 of the Dungeon.
             The game lasted 00:33:12 (18349 turns).

Adamkad1 the Fighter (Gargoyle Abyssal Knight)     Turns: 18349, Time: 00:33:12

Health: -1/79      AC: 25    Str: 22    XL:     12   Next: 5%
Magic:  11/19      EV:  9    Int: 16    God:    Lugonu [***...]
Gold:   590        SH:  9    Dex:  7    Spells: 11/11 levels left

rFire    . . .     SeeInvis +   E - +1 whip (freeze)
rCold    . . .     Gourm    .   F - +0 shield
rNeg     + . .     Faith    .   w - +1 ring mail
rPois    ∞         Spirit   .   K - +1 helmet of the Tarantula {Int+6 Dex-2}
rElec    +         Reflect  .   u - +1 cloak
rCorr    .         Harm     .   v - +0 pair of gloves
MR       +....                  y - +0 pair of boots
Stlth    ..........             H - amulet of rage
HPRegen  0.23/turn              p - ring of flight
MPRegen  0.16/turn              t - ring of see invisible

@: barbed spikes
A: dopey 1, magic resistance 1, negative energy resistance 1, electricity
resistance, unbreathing, petrification resistance, rot immunity, AC +8
a: Depart the Abyss, Bend Space, Banish, Renounce Religion, Evoke Berserk Rage,
Evoke Flight


You were on level 12 of the Dungeon.
You worshipped Lugonu.
Lugonu was most pleased with you.
You were hungry.

You visited 1 branch of the dungeon, and saw 12 of its levels.
You visited the Abyss 1 time.

You collected 590 gold pieces.

Inventory:

Hand Weapons
 q - a +2 flail of protection
 r - a +0 flail
 x - the +1 hunting sling "Aqydgh" {speed, +Fly MR+ SInv}
   (You acquired it on level 10 of the Dungeon)

   Attacks with this weapon are significantly faster.
   It affects your resistance to hostile enchantments.
   It lets you see invisible.
   It lets you fly.
 E - a +1 whip of freezing (weapon)
Missiles
 j - 60 sling bullets
 s - 123 stones (quivered)
Armour
 a - a +0 plate armour
 u - a +1 cloak (worn)
 v - a +0 pair of gloves (worn)
 w - a +1 ring mail (worn)
 y - a +0 pair of boots (worn)
 F - a +0 shield (worn)
 K - the +1 helmet of the Tarantula (worn) {Int+6 Dex-2}
   (You found it on level 10 of the Dungeon)

   It affects your intelligence (+6).
   It affects your dexterity (-2).
Jewellery
 p - a ring of flight (left hand)
 t - a ring of see invisible (right hand)
 z - a +3 ring of intelligence
 H - an amulet of rage (around neck)
Wands
 m - a wand of iceblast (21)
 A - a wand of flame (28)
 B - a wand of random effects (62)
Scrolls
 e - 6 scrolls of identify
 f - 3 scrolls of remove curse
 k - 4 scrolls of enchant weapon
 n - 3 scrolls of teleportation
 o - 5 scrolls of fear
 D - a scroll of fog
Potions
 d - 6 potions of curing
 g - a potion of haste
 h - a potion of berserk rage
 i - 2 potions of resistance
 l - 2 potions of brilliance
 J - a potion of heal wounds
Comestibles
 c - 21 rations


   Skills:
 * Level 10.7 Fighting
 + Level 6.7 Maces & Flails
 + Level 5.7 Slings
 * Level 10.4 Armour
 - Level 2.4 Dodging
 * Level 3.8 Shields
 * Level 10.3 Invocations


You had 11 spell levels left.
You didn't know any spells.
Your spell library contained the following spells:

 Spells                   Type           Power        Failure   Level  Hunger
 Animate Skeleton         Necr           N/A          83%         1    ##.....
 Apportation              Tloc           #.....       83%         1    ##.....
 Confusing Touch          Hex            #.....       83%         1    ##.....
 Summon Small Mammal      Summ           #...         83%         1    ##.....


Dungeon Overview and Level Annotations

Branches:
Dungeon (12/15)            Temple (0/1) D:6            Lair (0/6) D:8
    Orc (0/2) D:11

Altars:
Cheibriados
Elyvilon
Gozag
Hepliaklqana
Nemelex Xobeh
Okawaru
Trog
Xom
Yredelemnul
Zin

Shops:
D:8 (

Annotations:
D:2 1 runed door
D:7 3 runed doors, endorz's ghost, novice OpFi
Abyss:1 Erica; Gastronok; Harold


Innate Abilities, Weirdness & Mutations

You are resistant to torment.
Your stone body is resilient. (AC +8)
You are immune to poison.
You resist negative energy. (rN+)
You are resistant to electric shocks. (rElec)
You can survive without breathing.
You are immune to petrification.
You are immune to rotting.
You are dopey. (Int -2)
You are resistant to hostile enchantments. (MR+)


Message History

The necromancer hits you but does no damage.
The manticore flicks its tail.
The volley of spikes hits you!
The barbed spikes become lodged in your body.
Press: ? - help, Shift-Dir - straight line, f/p - manticore
Aim: a manticore (chance to defeat MR: 74%)
The manticore is devoured by a tear in reality.
Lugonu claims a new guest.
You are feeling hungry.
The necromancer gestures wildly while chanting.
The necromancer binds the souls of nearby monsters.
Unknown command.
You miss the necromancer.
The necromancer is heavily wounded.
You block the necromancer's attack.
You completely miss the necromancer.
The necromancer is heavily wounded.
The necromancer points at you and mumbles some strange words.
The bolt of cold hits you!
You die...

#.........# .. #........#
###.......###..#
#........# #.......#...#
#........# #.........#
#........# #.......###
#........#
#.....?.#########........#
#####..##......§§....#####
####.##...#8p§8#...#
#.....§§§##.@..##.....
#......§##......##.##+
#.......###....###...
+.......# ###### #..#.
#.......#⌠...... .#
#.......#.._.._..#
#.......'⌠......⌠'.
#.......#........#.# .
########## .


You could see a necromancer.

Vanquished Creatures
  A two-headed ogre (D:11)
  Pikel (D:6)
  A deep elf mage (D:10)
  An ugly thing (D:11)
  2 kobold demonologists (D:11)
  3 trolls
  2 hippogriffs (D:7)
  A shadow (D:10)
  A yak (D:7)
  Menkaure (D:5)
  A soldier ant (D:11)
  A water moccasin (D:9)
  A slave (D:6)
  4 black bears
  A sky beast (D:11)
  2 ice beasts (D:8)
  2 phantoms (D:7)
  2 necrophages (D:9)
  5 ogres
  3 centaurs
  2 crocodiles (D:7)
  A gnoll sergeant (D:9)
  A wyvern zombie (D:8)
  6 bullfrogs
  A water moccasin zombie (D:7)
  6 scorpions
  3 wights (D:9)
  13 killer bees
  A howler monkey (D:11)
  A centaur zombie (D:4)
  2 crimson imps
  A bullfrog zombie (D:7)
  A quasit (D:10)
  6 hounds
  4 jellies
  8 orc priests
  8 orc wizards
  A bullfrog skeleton (D:11)
  3 centaur skeletons
  A gnoll shaman (D:4)
  Jessica (D:3)
  Terence (D:2)
  3 iguanas
  8 worker ants
  A killer bee zombie (D:8)
  2 hound zombies
  3 worker ant zombies
  17 gnolls
  9 adders
  2 shadow imps
  An ooze (D:4)
  An adder skeleton (D:4)
  A worm (D:2)
  A dart slug (D:1)
  10 leopard geckos
  30 orcs
  3 giant cockroaches
  4 goblins (D:2)
  4 hobgoblins
  16 jackals
  5 kobolds
  3 quokkas
  4 bats
  3 frilled lizards
  A jackal skeleton (D:6)
  A quokka zombie (D:5)
  4 rats
245 creatures vanquished.

Vanquished Creatures (others)
  A frost giant (D:12)
  A manticore (D:12)
  An ugly thing (D:11)
  A cyclops (D:10)
  A kobold demonologist (D:11)
  A slime creature (shapeshifter) (D:12)
  An orc warrior (D:7)
  A sky beast (D:5)
  An ogre (D:4)
  14 fungi
  6 plants
29 creatures vanquished.

Grand Total: 274 creatures vanquished

Notes
Turn   | Place    | Note
-------+----------+-------------------------------------------
     0 | Abyss:1  | Adamkad1 the Gargoyle Abyssal Knight began the quest for
                  | the Orb.
     0 | Abyss:1  | Reached XP level 1. HP: 14/14 MP: 2/2
     7 | Abyss:1  | Found a snail-covered altar of Cheibriados.
    11 | D:1      | Escaped the Abyss
   446 | D:1      | Reached XP level 2. HP: 16/19 MP: 3/3
   578 | D:1      | Found a bloodstained altar of Trog.
   580 | D:1      | Found a basalt altar of Yredelemnul.
   580 | D:1      | Found a burning altar of Makhleb.
   583 | D:1      | Found a shimmering altar of Xom.
   583 | D:1      | Found a white marble altar of Elyvilon.
   583 | D:1      | Found a shimmering altar of Xom.
   866 | D:2      | Noticed Terence
   877 | D:2      | Killed Terence
   877 | D:2      | Reached XP level 3. HP: 18/24 MP: 4/4
  1025 | D:2      | Found an iron altar of Okawaru.
  1046 | D:2      | Reached XP level 4. HP: 19/29 MP: 4/6
  1055 | D:2      | Reached ** piety under Lugonu
  1367 | D:2      | Found a runed door.
  2206 | D:3      | Reached XP level 5. HP: 24/33 MP: 7/7
  2236 | D:2      | Reached skill level 1 in Slings
  3154 | D:3      | Reached XP level 6. HP: 36/39 MP: 8/8
  3175 | D:3      | Noticed Jessica
  3179 | D:3      | Killed Jessica
  3773 | D:4      | Reached skill level 5 in Fighting
  3980 | D:3      | Reached XP level 7. HP: 31/44 MP: 10/10
  5009 | D:5      | Entered Level 5 of the Dungeon
  5288 | D:4      | Reached *** piety under Lugonu
  5598 | D:5      | Noticed Menkaure
  5607 | D:5      | Killed Menkaure
  5607 | D:5      | Reached skill level 5 in Armour
  5607 | D:5      | Reached skill level 5 in Invocations
  5766 | D:5      | Reached XP level 8. HP: 47/51 MP: 11/11
  6549 | D:6      | Found a staircase to the Ecumenical Temple.
  6628 | D:6      | Noticed Pikel
  6830 | D:6      | Killed Pikel
  7228 | D:6      | Found a sparkling altar of Nemelex Xobeh.
  7394 | D:7      | Reached XP level 9. HP: 53/56 MP: 13/13
  7510 | D:7      | Found a runed gate.
  7511 | D:7      | Noticed a kobold demonologist
  7512 | D:7      | Found a runed gate.
  7512 | D:7      | Found a runed gate.
  7513 | D:7      | Noticed endorz's ghost (novice OpFi)
  7588 | D:7      | Found a snail-covered altar of Cheibriados.
  7982 | D:7      | Noticed Harold
  8002 | D:7      | Banished Harold
  8645 | D:8      | Noticed Gastronok
  9008 | D:8      | Found Yskaf's Weapon Shoppe.
  9426 | D:7      | Reached skill level 5 in Maces & Flails
 10150 | D:7      | Reached XP level 10. HP: 51/64 MP: 15/15
 10563 | D:8      | Reached **** piety under Lugonu
 10805 | D:8      | Found a staircase to the Lair.
 11729 | D:8      | Banished Gastronok
 11729 | D:8      | Reached skill level 1 in Dodging
 12611 | D:9      | Reached XP level 11. HP: 68/71 MP: 17/17
 12833 | D:9      | Reached skill level 5 in Slings
 13608 | D:9      | Found an opulent altar of Gozag.
 13631 | D:10     | Entered Level 10 of the Dungeon
 13686 | D:10     | Noticed Erica
 13820 | D:10     | Noticed a cyclops
 13839 | D:10     | Banished a cyclops
 13884 | D:10     | Noticed a red ugly thing
 14175 | D:10     | Banished a red ugly thing
 14310 | D:10     | Noticed a deep elf mage
 14439 | D:10     | Killed a deep elf mage
 14533 | D:9      | Reached skill level 10 in Fighting
 14730 | D:10     | Banished Erica
 14730 | D:10     | Reached skill level 1 in Shields
 15167 | D:10     | Got a scorched helmet
 15168 | D:10     | Identified the +1 helmet of the Tarantula {Int+6 Dex-2}
                  | (You found it on level 10 of the Dungeon)
 15302 | D:10     | Identified a scroll of acquirement
 15303 | D:10     | Got a translucent hunting sling
 15312 | D:10     | Identified the +1 hunting sling "Aqydgh" {speed, +Fly MR+
                  | SInv} (You acquired it on level 10 of the Dungeon)
 15349 | D:11     | Noticed a red ugly thing
 15371 | D:11     | HP: 2/72 [red ugly thing (22)]
 15373 | D:11     | Banished a red ugly thing
 16165 | D:11     | Noticed a two-headed ogre
 16219 | D:11     | Killed a two-headed ogre
 16219 | D:11     | Reached skill level 10 in Armour
 16219 | D:11     | Reached skill level 10 in Invocations
 16413 | D:11     | Noticed a green ugly thing
 16439 | D:11     | Killed a green ugly thing
 16815 | D:11     | Found a staircase to the Orcish Mines.
 16951 | D:11     | Noticed a soul eater
 17134 | D:11     | Noticed a soul eater
 17740 | D:11     | Gained mutation: You are dopey. (Int -2) [potion of
                  | mutation]
 17740 | D:11     | Gained mutation: You are resistant to hostile enchantments.
                  | (MR+) [potion of mutation]
 17781 | D:12     | Noticed a frost giant
 18178 | D:12     | Banished a frost giant
 18178 | D:12     | Reached XP level 12. HP: 79/79 MP: 19/19
 18191 | D:12     | Noticed an ice dragon
 18197 | D:12     | an ice dragon changed into a slime creature
 18323 | D:12     | Found a hazy altar of Hepliaklqana.
 18324 | D:12     | Found a glowing silver altar of Zin.
 18349 | D:12     | Killed from afar by a necromancer

Vault maps used:
D:1:      elethiomel_arrival_maze, minivault_5, minmay_splitting_lines,
          doesnt_xom_only_xom
D:2:      okawaru_altar_gauntlet_db, uniq_terence, uniq_crazy_yiuf_cottage
D:3:      hangedman_abyss_or_decor_lesser_grid, minmay_misc_feat_tower,
          uniq_jessica
D:4:      chequers_serial_rivers_small_3, minmay_starry_boxes
D:5:      first_ration, roderic_roman_lattice, uniq_menkaure
D:6:      minmay_temple_entry_from_below_a, nemelex_diamond_rough_becter,
          uniq_pikel
D:7:      lemuel_doored_altar, gammafunk_ghost_nasty_kobolds, uniq_harold
D:8:      due_lair_maze_entry_diamond, serial_shops, shop, uniq_gastronok
D:9:      basic_altar, grunt_ogre_cave, hangedman_abyss_or_decor_stagger,
          roderic_lattice_a
D:10:     uniq_erica
D:11:     orc_0_dummy
D:12:     jmf_multi_god_temple

Skill      XL: |  1  2  3  4  5  6  7  8  9 10 11 |
---------------+----------------------------------+-----
Armour         | 3 4 5 6 7 9 10 | 10.4
Fighting       | 4 5 6 8 9 10 | 10.7
Invocations    | 3 4 5 6 7 9 10 | 10.3
Slings         | 1 2 3 4 5 |  5.7
Maces & Flails | 3 4 5 6 |  6.7
Dodging        | 1 2 |  2.4
Shields        | 3 |  3.8

Action                   |  1- 3 |  4- 6 |  7- 9 | 10-12 || total
-------------------------+-------+-------+-------+-------++-------
Melee: Mace              |    60 |    79 |       |       ||   139
       Flail             |       |   171 |   185 |       ||   356
       Whip              |       |       |   421 |  1075 ||  1496
 Fire: Hunting sling     |       |       |       |    13 ||    13
Invok: Bend Space        |       |     1 |    14 |     6 ||    21
       Banish            |       |       |     4 |    13 ||    17
  Use: Potion            |       |       |     6 |     2 ||     8
       Scroll            |       |       |    11 |    11 ||    22
  Eat: Chunk             |       |    10 |    15 |    24 ||    49
       Ration            |       |       |     2 |     2 ||     4
Armor: Leather armour    |    26 |   211 |    14 |       ||   251
       Ring mail         |       |       |   372 |   645 ||  1017
Dodge: Dodged            |    45 |   252 |   352 |   550 ||  1199
Block: Shield            |       |       |       |   173 ||   173

Table legend:
 A = Non-vault XP
 B = Vault XP
 C = Vault XP percentage of total XP
 D = Non-vault monster count
 E = Vault monster count
 F = Vault count percentage of total count
                 A         B        C        D         E       F
            +---------+---------+-------+---------+---------+-------
      Total |   13320 |    5772 |  30.2 |     229 |      28 |  10.9
            +---------+---------+-------+---------+---------+-------
        D:1 |      23 |       0 |   0.0 |      14 |       0 |   0.0
        D:2 |     129 |      86 |  40.0 |      16 |       7 |  30.4
        D:3 |     192 |      77 |  28.6 |      18 |       2 |  10.0
        D:4 |     397 |       2 |   0.5 |      19 |       1 |   5.0
        D:5 |     220 |     157 |  41.6 |      13 |       1 |   7.1
        D:6 |     171 |     697 |  80.3 |       8 |       1 |  11.1
        D:7 |    2036 |    1298 |  38.9 |      37 |       8 |  17.8
        D:8 |    1220 |    1328 |  52.1 |      23 |       3 |  11.5
        D:9 |    2188 |     116 |   5.0 |      32 |       1 |   3.0
       D:10 |    2038 |     712 |  25.9 |      17 |       1 |   5.6
       D:11 |    4669 |       0 |   0.0 |      31 |       0 |   0.0
       D:12 |      37 |    1299 |  97.2 |       1 |       3 |  75.0
            +---------+---------+-------+---------+---------+-------
